 Dungeon Crawl Stone Soup version 0.29-a0-483-g69413ace17 (webtiles) character file.

Game seed: 11723845528799942877

272791 jlumianski the Warmonger (level 19, -2/155 HPs)
             Began as a Demonspawn Fighter on May 25, 2022.
             Was a High Priest of Okawaru.
             Slain by an orc warlord
             ... wielding a +0 glaive
              (52 damage)
             ... on level 2 of the Vaults on May 26, 2022.
             The game lasted 05:02:12 (45915 turns).

jlumianski the Warmonger (Demonspawn Fighter)      Turns: 45915, Time: 05:02:13

Health: -2/155     AC: 18    Str: 32    XL:     19   Next: 49%
Magic:  30/33      EV: 18    Int: 20    God:    Okawaru [*****.]
Gold:   273        SH:  7    Dex: 17    Spells: 18/18 levels left

rFire   + . .      SeeInvis +   n - +9 demon trident (elec)
rCold   . . .      Faith    +   b - +0 buckler "Huantied" {Drain rN+ Regen+ Dex+2}
rNeg    + + .      Spirit   .   C - +5 chain mail of Amorality {Rampage rF+ Str-3 Int+7}
rPois   .          Reflect  .   (helmet unavailable)
rElec   +          Harm     .   (no cloak)
rCorr   .          Rampage  +   a - +0 pair of gloves of the Poles {Str+7}
Will    +....                   N - +1 pair of boots {Fly}
Stlth   ..........              G - amulet of faith
HPRegen 1.15/turn               D - ring of Recuj {rElec rN+ Str+5 SInv}
MPRegen 0.23/turn               Y - +4 ring of slaying

@: flying, repel missiles, unable to read
A: horns 3, repulsion field 3, foul stench 3, powered by death 3, agile 1,
clever 1, deformed body, screaming 1, inability to read while threatened, sturdy
frame 1
}: 2/15 runes: barnacled, gossamer
a: Renounce Religion, Heroism, Finesse, Duel


You were on level 2 of the Vaults.
You worshipped Okawaru.
Okawaru was extremely pleased with you.
You visited 7 branches of the dungeon, and saw 34 of its levels.
You also visited: Sewer, Bailey and Wizlab.

You collected 4389 gold pieces.
You spent 4116 gold pieces at shops.

Inventory:

Hand Weapons
 n - a +9 demon trident of electrocution (weapon)
 H - a +2 demon whip of electrocution
 J - the +9 lance "Wyrmbane" {slay drac, rPois rF+ rC+ AC+3}
   (Okawaru gifted it to you on level 4 of the Spider Nest)

   It inflicts extra damage against dragons and draconians.
   AC:        It affects your AC (+3).
   rF:        It protects you from fire.
   rC:        It protects you from cold.
   rPois:     It protects you from poison.
Missiles
 e - a throwing net
 h - 5 boomerangs of dispersal
 s - 10 atropa-tipped darts
 A - 63 boomerangs (quivered)
Armour
 a - the +0 pair of gloves of the Poles (worn) {Str+7}
   (You bought it in a shop on level 1 of the Vaults)

   Str:       It affects your strength (+7).
 b - the +0 buckler "Huantied" (worn) {Drain rN+ Regen+ Dex+2}
   (Okawaru gifted it to you on level 2 of the Spider Nest)

   Dex:       It affects your dexterity (+2).
   rN:        It protects you from negative energy.
   Regen:     It increases your rate of health regeneration.
   Drain:     It drains your maximum health when unequipped.
 B - a +2 cloak
 C - the +5 chain mail of Amorality (worn) {Rampage rF+ Str-3 Int+7}
   (You found it on level 5 of the Dungeon)

   Str:       It affects your strength (-3).
   Int:       It affects your intelligence (+7).
   rF:        It protects you from fire.
   Rampage:   It bestows one free step when moving towards enemies.
 N - a +1 pair of boots of flying (worn)
 P - the +1 pair of gloves of the Evening Star {rElec rPois}
   (You acquired it in a bailey)

   rElec:     It insulates you from electricity.
   rPois:     It protects you from poison.
 R - a +0 cloak of stealth
 U - a scarf of resistance
Jewellery
 o - the ring of Amikuog {Fire rCorr Int+4 Dex+2 Stlth+}
   (You found it in a wizard's laboratory)

   [ring of fire]

   It enhances your fire magic.
   Int:       It affects your intelligence (+4).
   Dex:       It affects your dexterity (+2).
   rF:        It protects you from fire.
   rC:        It makes you vulnerable to cold.
   rCorr:     It protects you from acid and corrosion.
   Stlth:     It makes you more stealthy.
 q - a ring of ice
 D - the ring of Recuj (left hand) {rElec rN+ Str+5 SInv}
   (You found it on level 5 of the Dungeon)

   [ring of see invisible]

   Str:       It affects your strength (+5).
   rElec:     It insulates you from electricity.
   rN:        It protects you from negative energy.
   SInv:      It lets you see invisible.
 G - an amulet of faith (around neck)
 S - the ring of Kori {rF+ Int+2 Dex+7 Stlth+}
   (You found it in a wizard's laboratory)

   [ring of protection from fire]

   Int:       It affects your intelligence (+2).
   Dex:       It affects your dexterity (+7).
   rF:        It protects you from fire.
   Stlth:     It makes you more stealthy.
 Y - a +4 ring of slaying (right hand)
Wands
 p - a wand of paralysis (5)
 t - a wand of digging (21)
 E - a wand of polymorph (7)
 I - a wand of acid (5)
 K - a wand of flame (10)
 O - a wand of iceblast (24)
Scrolls
 f - 9 scrolls of teleportation
 i - 4 scrolls of fog
 k - 3 scrolls of fear
 m - 6 scrolls of magic mapping
 w - a scroll of silence
 x - 4 scrolls of blinking
 z - 6 scrolls of poison
Potions
 d - 6 potions of might
 g - 5 potions of curing
 j - 7 potions of heal wounds
 l - 3 potions of invisibility
 r - a potion of cancellation
 u - 4 potions of attraction
 v - 3 potions of berserk rage
 F - 4 potions of haste
 Q - 4 potions of resistance
Miscellaneous
 c - a condenser vane
 y - a tin of tremorstones (2/2)
 T - a lightning rod (4/4)


   Skills:
 + Level 15.4 Fighting
 - Level 2.5(9.4) Axes
 - Level 14.0(14.1) Polearms
 + Level 3.9 Throwing
 + Level 14.1 Armour
 + Level 8.4 Dodging
 + Level 3.9 Stealth
 + Level 11.6 Shields
 * Level 21.1 Invocations
 * Level 13.3 Evocations


You had 18 spell levels left.
You didn't know any spells.
Your spell library contained the following spells:

 Spells                   Type           Power      Damage    Failure   Level
 Apportation              Tloc           0%         N/A       47%         1
 Magic Dart               Conj           0%         1d3       47%         1
 Necrotize                Necr           0%         1d4       47%         1
 Sting                    Tmut/Pois      0%         1d3       47%         1
 Blink                    Tloc           0%         N/A       63%         2
 Ensorcelled Hibernation  Hex/Ice        0%         N/A       63%         2
 Passwall                 Tmut/Erth      0%         N/A       63%         2
 Poisonous Vapours        Pois/Air       0%         N/A       63%         2
 Scorch                   Fire           0%         2d5       63%         2
 Searing Ray              Conj           0%         2d4       63%         2
 Dazzling Flash           Conj/Hex       0%         N/A       85%         3
 Gell's Gravitas          Tloc           0%         N/A       85%         3
 Inner Flame              Hex/Fire       0%         N/A       85%         3
 Lesser Beckoning         Tloc           0%         N/A       85%         3
 Portal Projectile        Hex/Tloc       0%         N/A       85%         3
 Spider Form              Tmut/Pois      0%         N/A       85%         3
 Teleport Other           Tloc           0%         N/A       85%         3
 Anguish                  Hex/Necr       0%         N/A       99%         4
 Cause Fear               Hex            0%         N/A       99%         4
 Corpse Rot               Necr/Pois/Air  0%         N/A       99%         4
 Flame Wave               Conj/Fire      0%         2d4       99%         4
 Fulminant Prism          Conj/Hex       0%         3d6       99%         4
 Leda's Liquefaction      Hex/Erth       0%         N/A       99%         4
 Passage of Golubria      Tloc           0%         N/A       99%         4
 Blade Hands              Tmut           0%         N/A       100%        5
 Fireball                 Conj/Fire      0%         3d3       100%        5
 Freezing Cloud           Conj/Ice/Air   0%         6-21      100%        5
 Irradiate                Conj/Tmut      0%         3d13      100%        5
 Lee's Rapid Deconstruct  Erth           0%         3d5*      100%        5
 Lightning Bolt           Conj/Air       0%         1d11      100%        5
 Manifold Assault         Tloc           0%         N/A       100%        5
 Starburst                Conj/Fire      0%         6d3       100%        6
 Statue Form              Tmut/Erth      0%         N/A       100%        6
 Dragon Form              Tmut           0%         N/A       100%        7
 Discord                  Hex            0%         N/A       100%        8
 Ignition                 Fire           0%         3d3       100%        8
 Summon Small Mammal      Summ           Unusable   N/A       N/A         1
 Call Canine Familiar     Summ           Unusable   N/A       N/A         3
 Summon Cactus Giant      Summ           Unusable   N/A       N/A         6

Dungeon Overview and Level Annotations

Branches:
Dungeon (15/15)            Temple (1/1) D:4            Lair (6/6) D:9
 Shoals (4/4) Lair:2       Spider (4/4) Lair:2        Slime (0/5) Lair:6
    Orc (2/2) D:11            Elf (0/3) Orc:2        Vaults (2/5) D:14
  Crypt (0/3) Vaults:2     Depths (0/4) D:15          Sewer (visited)
 Bailey (visited)          WizLab (visited)

Altars:
Ashenzari
Cheibriados
Dithmenos
Elyvilon
Fedhas
Gozag
Hepliaklqana
Kikubaaqudgha
Makhleb
Nemelex Xobeh
Okawaru
Qazlal
Ru
Sif Muna
Uskayaw
Vehumet
Yredelemnul
The Shining One
Jiyva
Lugonu

Shops:
D:9 (   Orc:2 !:*?(   Shoals:4 [=((*   Vaults:1 =**[(

Portals:
Hell: Lair:6

Annotations:
D:11 2 transporters
D:13 Frances


Innate Abilities, Weirdness & Mutations

You have a pair of large horns on your head.
You are surrounded by a strong repulsion field. (EV +4, RMsl)
You frequently emit foul miasma when damaged in melee.
You regenerate a lot of health from kills.
You are agile. (Dex +2)
Your mind is acute. (Int +2)
Armour fits poorly on your strangely shaped body.
You occasionally shout uncontrollably at your foes.
You sometimes lose the ability to read scrolls when taking damage.
Your movements are slightly less encumbered by armour. (ER -2)


Message History

You are confused.
You puncture the orc knight!
Lightning courses through the orc knight!
You headbutt the orc knight, but do no damage.
The orc knight is moderately wounded.
The orc knight is engulfed in dark miasma.
The orc knight is poisoned.
The great orb of eyes bites you!
You feel threatened and lose the ability to read scrolls!
The orc knight barely misses you.
The orc warlord hits you from afar with a +0 glaive.
The great orb of eyes gazes at you. You resist with some effort.
The orc knight hits you but does no damage.
You're too confused to move!
The orc knight hits you with a +0 long sword.
You emit a cloud of foul miasma!
The orc warlord hits you from afar with a +0 glaive!
The great orb of eyes completely misses you.
The orc knight hits you from afar with a +0 halberd!!
You bump into the crystal wall.
The great orb of eyes barely misses you.
The orc knight is engulfed in dark miasma.
The orc knight looks even sicker.
The orc knight completely misses you.
The orc warlord hits you from afar with a +0 glaive!
* * * LOW HITPOINT WARNING * * *
The orc knight barely misses you.
You feel better.
The orc knight is engulfed in dark miasma.
The orc knight looks even sicker.
You block the orc knight's attack.
The orc warlord hits you from afar with a +0 glaive!!
* * * LOW HITPOINT WARNING * * *
The great orb of eyes gazes at you. You resist with some effort.
The orc knight closely misses you.
You hear a shout!
You feel much better.
The orc knight is engulfed in dark miasma.
The orc knight looks as sick as possible!
The orc knight misses you.
The orc warlord hits you from afar with a +0 glaive!!!
You die...

#..........#.......#
#..........#.......#
#......>...#.......#
############.......+
#.......#
#######.......#
#.....'.......#
####(.o..#.......#
#....G@°o#.......#
#.....##o#.......#
#..#....#..#.......#
#. #.....#o#.......#
# .......#.#.......#
.....####o#.......#
..... o.#.......#
##### #.......#
#########


You could see an orc warlord (strong), 2 orc knights and a great orb of eyes.

Vanquished Creatures
  Mara (Vaults:2)
  Saint Roka (Orc:1)
  Nikola (Shoals:1)
  A Hellbinder (Arena)
  2 krakens
  The ghost of OTABOTABOTAB the Ruinous, an adept DECj of Vehumet (Spider:4)
  Roxanne (D:14)
  Louise (Spider:3)
  9 ghost moths
  An orc warlord (Bailey)
  9 emperor scorpions
  2 cacodemons (WizLab)
  A demonspawn blood saint (WizLab)
  6 ironbound preservers
  A broodmother (Spider:3)
  4 entropy weavers
  4 lorocyprocas (WizLab)
  2 spark wasps
  A blizzard demon (WizLab)
  5 merfolk javelineers
  A green death (WizLab)
  A fire dragon (D:15)
  6 merfolk impalers
  2 great orbs of eyes
  5 yaktaur captains
  An ice dragon (D:15)
  11 hydras
  6 boulder beetles
  A catoblepas (Lair:2)
  A hell beast (Lair:6)
  3 alligator snapping turtles
  5 merfolk aquamancers
  6 merfolk avatars
  3 two-headed ogres
  6 centaur warriors
  5 radroaches
  5 death yaks
  3 tengu warriors
  A spectral emperor scorpion (Spider:4)
  A death scarab (Spider:4)
  3 orc high priests (Orc:2)
  A sun demon (WizLab)
  2 soul eaters (WizLab)
  Urug (Orc:1)
  2 pharaoh ants
  A sixfirhy (WizLab)
  11 sea snakes
  A spectral ghost moth (Spider:4)
  A sun moth (Spider:4)
  18 deep trolls (Vaults:1)
  12 steelbarb worms
  8 orb spiders
  A spectral broodmother (Spider:4)
  A necromancer (Lair:6)
  2 spectral jorogumos (Spider:4)
  A wizard (Vaults:2)
  6 ironbound convokers
  11 harpies
  3 lindwurms (Vaults:1)
  2 deep elf pyromancers (D:14)
  3 orc sorcerers (Orc:2)
  An oklob plant (Shoals:1)
  28 wolf spiders
  6 orc knights
  15 fauns
  18 ugly things
  13 manticores
  8 elephants
  2 moths of wrath
  Maurice (Orc:2)
  8 cyclopes
  A vault sentinel (Vaults:2)
  2 rust devils (WizLab)
  6 merfolk sirens
  8 water nymphs
  A black mamba (Lair:6)
  2 gargoyles
  A torpor snail (Spider:3)
  A smoke demon (Lair:6)
  12 cane toads
  A kobold demonologist (D:12)
  An emperor scorpion simulacrum (Spider:4)
  7 orange demons
  10 rime drakes
  A spark wasp simulacrum (Spider:4)
  A rime drake (shapeshifter) (D:14)
  6 demonic crawlers
  6 ice devils
  8 komodo dragons
  5 yaktaurs (Vaults:1)
  2 tormentors (WizLab)
  A tengu conjurer (D:15)
  3 red devils
  A troll (D:13)
  3 hellwings (WizLab)
  2 polar bears
  26 merfolk
  A jorogumo simulacrum (Spider:4)
  3 meliai (Spider:2)
  26 tarantellas
  A hornet (Lair:4)
  5 wind drakes
  9 snapping turtles
  Prince Ribbit (D:6)
  A broodmother simulacrum (Spider:4)
  25 slime creatures
  10 dream sheep
  A centaur simulacrum (D:14)
  25 jumping spiders
  14 blink frogs
  A shadow (D:12)
  18 culicivoras
  8 water elementals
  A ynoxinul (WizLab)
  A wraith (D:12)
  4 wyverns
  74 yaks
  4 basilisks
  4 steam dragons
  21 vampire mosquitoes
  49 redbacks
  2 wargs
  3 acid dragons
  22 water moccasins
  3 hell hounds (Lair:6)
  24 orc warriors
  An ice beast (D:4)
  4 black bears
  A sky beast (D:7)
  6 wolves
  7 ogres
  10 centaurs
  6 kobold brigands
  A gnoll sergeant (D:10)
  34 scorpions
  16 bullfrogs
  3 necrophages
  7 killer bees
  3 electric eels (Lair:4)
  4 howler monkeys (D:13)
  4 jellies
  3 hounds
  21 orc priests
  A gnoll shaman (D:7)
  24 orc wizards
  3 iguanas
  5 yak simulacra (Lair:6)
  A polar bear simulacrum (Lair:6)
  3 wolf simulacra (Lair:6)
  Robin (D:2)
  9 gnolls
  12 adders
  4 river rats (Sewer)
  An ufetubus (D:4)
  3 worms (D:4)
  2 dart slugs
  74 orcs
  10 endoplasms
  4 giant cockroaches
  18 goblins
  12 hobgoblins
  3 jackals (Sewer)
  2 quokkas
  3 training dummies (Orc:2)
  7 ball pythons
  2 bats (D:2)
  4 frilled lizards
  34 kobolds
  5 rats
  2 river rat simulacra (Lair:6)
  A bush (Lair:5)
  7 tentacles
1185 creatures vanquished.

Vanquished Creatures (others)
  A wizard (Lair:6)
  A merfolk (Shoals:4)
  A bush (Lair:5)
  53 fungi
  169 plants
  14 tentacles
239 creatures vanquished.

Grand Total: 1424 creatures vanquished

Notes
Turn   | Place    | Note
-------+----------+-------------------------------------------
     0 | D:1      | jlumianski the Demonspawn Fighter began the quest for the
                  | Orb.
     0 | D:1      | Reached XP level 1. HP: 18/18 MP: 1/1
   473 | D:1      | Found a faded altar of an unknown god.
   578 | D:1      | Gained mutation: You regenerate a little health from kills.
                  | [demonic ancestry]
   578 | D:1      | Reached XP level 2. HP: 24/24 MP: 2/2
  1223 | D:2      | Found a snail-covered altar of Cheibriados.
  1395 | D:2      | Reached XP level 3. HP: 20/29 MP: 3/3
  1835 | D:2      | Noticed Robin
  1853 | D:2      | Gained mutation: You are surrounded by a mild repulsion
                  | field. (EV +2) [demonic ancestry]
  1853 | D:2      | Reached XP level 4. HP: 31/35 MP: 4/4
  1959 | D:2      | Killed Robin
  2216 | D:4      | Found a shimmering blue altar of Sif Muna.
  2266 | D:4      | Gained mutation: You regenerate health from kills. [demonic
                  | ancestry]
  2266 | D:4      | Reached XP level 5. HP: 38/41 MP: 5/5
  2316 | D:4      | Identified the +1 leather armour of Defence {Fly}
  2371 | D:4      | Noticed an ice beast
  2385 | D:4      | Killed an ice beast
  2386 | D:4      | Reached skill level 1 in Polearms
  2386 | D:4      | Reached skill level 1 in Dodging
  2455 | D:3      | Found a radiant altar of Vehumet.
  2494 | D:4      | Found a staircase to the Ecumenical Temple.
  2500 | Temple   | Entered the Ecumenical Temple
  2512 | Temple   | Became a worshipper of Warmaster Okawaru
  2716 | D:4      | Found a glowing drain.
  2737 | Sewer    | Entered a sewer
  2823 | Sewer    | Gained mutation: You have a pair of small horns on your
                  | head. [demonic ancestry]
  2823 | Sewer    | Reached XP level 6. HP: 40/48 MP: 6/6
  3591 | D:3      | Found a broken altar of Ashenzari.
  4497 | D:5      | Entered Level 5 of the Dungeon
  4733 | D:5      | Gained mutation: You may rarely emit foul miasma when
                  | damaged in melee. [demonic ancestry]
  4733 | D:5      | Reached XP level 7. HP: 54/54 MP: 7/7
  4875 | D:5      | Reached * piety under Okawaru
  5092 | D:5      | Reached ** piety under Okawaru
  5345 | D:5      | Identified the +5 chain mail of Amorality {Rampage rF+
                  | Str-3 Int+7}
  5408 | D:5      | Identified the ring of Recuj {rElec rN+ Str+5 SInv}
  5435 | D:5      | Reached skill level 5 in Polearms
  5435 | D:5      | Reached skill level 5 in Armour
  5435 | D:5      | Reached XP level 8. HP: 61/61 MP: 8/8
  6008 | D:6      | Gained mutation: Your body sometimes deteriorates upon
                  | taking damage. [potion of mutation]
  6063 | D:6      | Noticed Prince Ribbit
  6064 | D:6      | Lost mutation: Your body sometimes deteriorates upon taking
                  | damage. [potion of mutation]
  6064 | D:6      | Gained mutation: You have hidden genetic potential. [potion
                  | of mutation]
  6064 | D:6      | Gained mutation: You are agile. (Dex +2) [potion of
                  | mutation]
  6064 | D:6      | Gained mutation: You have a pair of horns on your head.
                  | [potion of mutation]
  6076 | D:6      | Killed Prince Ribbit
  6076 | D:6      | Reached *** piety under Okawaru
  6372 | D:6      | Reached skill level 1 in Stealth
  6385 | D:7      | Reached XP level 9. HP: 67/67 MP: 9/9
  6473 | D:7      | Reached skill level 5 in Fighting
  6557 | D:7      | Gained mutation: Your movements are slightly less
                  | encumbered by armour. (ER -2) [hidden potential]
  6700 | D:7      | Reached **** piety under Okawaru
  7369 | D:8      | Reached skill level 5 in Shields
  7369 | D:8      | Mutation became permanent: You have a pair of small horns
                  | on your head. [demonic ancestry]
  7369 | D:8      | Gained mutation: You have a pair of horns on your head.
                  | [demonic ancestry]
  7369 | D:8      | Reached XP level 10. HP: 76/76 MP: 10/10
  7588 | D:8      | Reached skill level 1 in Invocations
  7601 | D:8      | Reached ***** piety under Okawaru
  7761 | D:8      | Gained mutation: Your mind is acute. (Int +2) [hidden
                  | potential]
  7761 | D:8      | Lost mutation: You have hidden genetic potential. [hidden
                  | potential expressed]
  8174 | D:8      | Reached skill level 10 in Polearms
  8174 | D:8      | Reached skill level 2 in Invocations
  8222 | D:9      | Found Poezamp's Antique Weapon Shop.
  8313 | D:9      | Reached skill level 3 in Invocations
  8337 | D:9      | Found a staircase to the Lair.
  8366 | D:9      | Noticed a gargoyle
  8367 | D:9      | Received a gift from Okawaru
  8398 | D:9      | Killed a gargoyle
  8411 | D:9      | Found a flagged portal.
  8417 | Bailey   | Entered a bailey
  8478 | Bailey   | Noticed an orc warlord
  8680 | Bailey   | Noticed an orc knight
  8707 | Bailey   | Killed an orc knight
  8708 | Bailey   | Reached skill level 4 in Invocations
  8850 | Bailey   | Found a runed translucent gate.
  8852 | Bailey   | Found a runed translucent gate.
  8854 | Bailey   | Found a runed translucent gate.
  9057 | Bailey   | Acquired the +1 pair of gloves of the Evening Star {rElec
                  | rPois}
  9138 | Bailey   | Killed an orc warlord
  9155 | Bailey   | Identified the +4 war axe of Compound Interest {vorpal,
                  | rPois rC++ Dex-3}
  9171 | Bailey   | Acquired a manual of Invocations
  9309 | D:9      | Gained mutation: You sometimes emit foul miasma when
                  | damaged in melee. [demonic ancestry]
  9309 | D:9      | Reached XP level 11. HP: 83/83 MP: 14/14
  9339 | D:9      | Received a gift from Okawaru
  9427 | D:9      | Found a basalt altar of Yredelemnul.
  9454 | D:9      | Reached skill level 5 in Invocations
  9838 | D:9      | Reached skill level 6 in Invocations
  9847 | D:9      | Found a large runed translucent door.
  9848 | D:9      | Found a large runed translucent door.
  9873 | D:9      | Found a snail-covered altar of Cheibriados.
  9886 | D:9      | Found a hide-covered altar of Uskayaw.
 10174 | D:10     | Entered Level 10 of the Dungeon
 10250 | D:10     | Noticed a six-headed hydra
 10261 | D:10     | Found a burning altar of Makhleb.
 10261 | D:10     | Noticed an Executioner
 10278 | D:10     | Killed a six-headed hydra
 10453 | D:10     | Reached skill level 7 in Invocations
 10465 | D:10     | Reached ****** piety under Okawaru
 10521 | D:10     | Found an ancient bone altar of Kikubaaqudgha.
 10576 | D:10     | Received a gift from Okawaru
 10947 | D:11     | Found a staircase to the Orcish Mines.
 10965 | D:11     | Found a transporter.
 10965 | D:11     | Noticed a thrashing horror
 10967 | D:11     | Noticed a large abomination
 10968 | D:11     | Found a transporter.
 10969 | D:11     | Found a corrupted altar of Lugonu.
 10992 | D:11     | Noticed a four-headed hydra
 11004 | D:11     | Killed a four-headed hydra
 11005 | D:11     | Reached skill level 8 in Invocations
 11229 | D:11     | Noticed a green ugly thing
 11252 | D:11     | Killed a green ugly thing
 11335 | D:11     | Noticed a cyan ugly thing
 11347 | D:11     | Reached skill level 9 in Invocations
 11365 | D:11     | Killed a cyan ugly thing
 11382 | D:11     | Identified the +6 bardiche "Hotuysoi" {vorpal, Drain Str+3
                  | Int+4} (Okawaru gifted it to you on level 11 of the
                  | Dungeon)
 11382 | D:11     | Received a gift from Okawaru
 11967 | D:12     | Reached skill level 1 in Evocations
 11978 | D:11     | Reached XP level 12. HP: 88/91 MP: 19/19
 12021 | D:12     | Reached skill level 10 in Invocations
 12130 | D:12     | Noticed a boulder beetle
 12153 | D:12     | Killed a boulder beetle
 12273 | D:12     | Received a gift from Okawaru
 12405 | D:12     | Reached skill level 11 in Invocations
 12781 | D:12     | Noticed a boulder beetle
 12821 | D:12     | Killed a boulder beetle
 12822 | D:12     | Reached skill level 1 in Throwing
 12986 | D:12     | Noticed a boulder beetle
 13007 | D:12     | Killed a boulder beetle
 13231 | D:13     | Noticed a two-headed ogre
 13239 | D:13     | Killed a two-headed ogre
 13308 | D:13     | Reached skill level 12 in Invocations
 13429 | D:13     | Noticed an eight-headed hydra
 13439 | D:13     | Killed an eight-headed hydra
 13672 | D:13     | Identified the +1 ring mail of the Other Side {Contam rF+
                  | rN+ Int+4} (Okawaru gifted it to you on level 13 of the
                  | Dungeon)
 13672 | D:13     | Received a gift from Okawaru
 14270 | D:13     | Reached skill level 13 in Invocations
 14436 | D:14     | Noticed a tengu warrior
 14469 | D:13     | Killed a tengu warrior
 14582 | D:14     | Noticed a centaur warrior
 14601 | D:14     | Killed a centaur warrior
 14602 | D:14     | Reached XP level 13. HP: 81/101 MP: 21/23
 14707 | D:14     | HP: 1/101 [enormous slime creature (52)]
 15421 | D:14     | Identified Roxanne's Reference Book on Changing
 15421 | D:14     | Noticed Roxanne
 15483 | D:14     | Killed Roxanne
 15484 | D:14     | Reached skill level 14 in Invocations
 16099 | D:14     | Noticed Frances
 16124 | D:14     | Reached skill level 5 in Evocations
 16218 | D:14     | Noticed an ironbound preserver
 16220 | D:14     | Found a gate to the Vaults.
 16831 | D:14     | Killed an ironbound preserver
 16989 | D:15     | Entered Level 15 of the Dungeon
 17162 | D:15     | Received a gift from Okawaru
 17712 | D:15     | Reached skill level 15 in Invocations
 17817 | D:15     | Identified the +1 plate armour of the Poles {rF+ Int+6
                  | Dex+2} (Okawaru gifted it to you on level 15 of the
                  | Dungeon)
 17817 | D:15     | Received a gift from Okawaru
 17923 | D:15     | Found a hide-covered altar of Uskayaw.
 17946 | D:15     | Reached skill level 10 in Armour
 18229 | D:15     | Noticed a fire dragon
 18262 | D:15     | Killed a fire dragon
 18295 | D:15     | Found a staircase to the Depths.
 18524 | Lair:1   | Entered Level 1 of the Lair of Beasts
 18614 | Orc:1    | Entered Level 1 of the Orcish Mines
 18720 | Orc:2    | Entered Level 2 of the Orcish Mines
 19145 | Orc:2    | Found Puasosmi's Firing Range.
 19326 | Orc:2    | Reached XP level 14. HP: 68/109 MP: 25/25
 19456 | Orc:2    | Reached skill level 16 in Invocations
 19860 | Orc:1    | Noticed Urug
 19880 | Orc:1    | Killed Urug
 20055 | Orc:2    | Noticed Saint Roka
 20240 | Orc:1    | Reached skill level 10 in Fighting
 20304 | Orc:1    | Killed Saint Roka
 20895 | Orc:2    | Noticed Maurice
 20904 | Orc:2    | Received a gift from Okawaru
 20905 | Orc:2    | Reached skill level 5 in Dodging
 20930 | Orc:2    | Killed Maurice
 21065 | Orc:2    | Found a staircase to the Elven Halls.
 21297 | Orc:2    | Identified the +1 robe of Levity {Str+4 Int+3 Slay+2}
                  | (Okawaru gifted it to you on level 2 of the Orcish Mines)
 21297 | Orc:2    | Received a gift from Okawaru
 21409 | Orc:2    | Paralysed by an orc sorcerer for 4 turns
 21656 | Orc:2    | Found Caes Sos's Distillery.
 21656 | Orc:2    | Found Elatap's Magic Scroll Shoppe.
 21658 | Orc:2    | Found Totaneg's Book Shop.
 21658 | Orc:2    | Found Vudghup's General Store.
 21688 | Orc:2    | Bought a potion of experience for 600 gold pieces
 21688 | Orc:2    | Bought a potion of heal wounds for 60 gold pieces
 21690 | Orc:2    | Reached skill level 17 in Invocations
 21690 | Orc:2    | Gained mutation: You frequently emit foul miasma when
                  | damaged in melee. [demonic ancestry]
 21690 | Orc:2    | Reached XP level 15. HP: 75/117 MP: 27/27
 23015 | Lair:2   | Found a staircase to the Shoals.
 23873 | Lair:2   | Found a hole to the Spider Nest.
 26756 | Lair:5   | Acquired a +0 demon trident of pain
 27090 | Lair:6   | Entered Level 6 of the Lair of Beasts
 27174 | Lair:5   | Received a gift from Okawaru
 27298 | Lair:6   | Gained mutation: You have a pair of large horns on your
                  | head. [demonic ancestry]
 27298 | Lair:6   | Reached XP level 16. HP: 125/125 MP: 28/28
 28169 | Lair:6   | Received a gift from Okawaru
 28231 | Lair:6   | Found a viscous altar of Jiyva.
 28231 | Lair:6   | Found a staircase to the Slime Pits.
 28534 | Lair:6   | Reached skill level 18 in Invocations
 28991 | Lair:6   | Received a gift from Okawaru
 29035 | Lair:6   | Found a burning altar of Makhleb.
 29207 | Lair:6   | Found a gateway to Hell.
 29214 | Lair:6   | Identified the +0 chain mail of Lifelessness {+Blink Str+4}
 29937 | Spider:1 | Entered Level 1 of the Spider Nest
 29954 | Lair:2   | Reached skill level 10 in Shields
 30503 | Spider:1 | Identified the +11 dagger "Jiusis" {elec, Str+5}
 30516 | Spider:1 | Identified the amulet "Peohuak" {Spirit rC- Str+3 Int+7}
 30585 | Spider:1 | Received a gift from Okawaru
 30832 | Spider:1 | Reached skill level 10 in Evocations
 31769 | Spider:1 | Received a gift from Okawaru
 33443 | Spider:2 | Identified the +0 buckler "Huantied" {Drain rN+ Regen+
                  | Dex+2} (Okawaru gifted it to you on level 2 of the Spider
                  | Nest)
 33443 | Spider:2 | Received a gift from Okawaru
 33497 | Spider:3 | Gained mutation: You regenerate a lot of health from kills.
                  | [demonic ancestry]
 33497 | Spider:3 | Reached XP level 17. HP: 49/133 MP: 30/30
 33501 | Spider:2 | Gained mutation: Armour fits poorly on your strangely
                  | shaped body. [mutagenic glow]
 34224 | Spider:4 | Entered Level 4 of the Spider Nest
 34683 | Spider:3 | Noticed Louise
 34691 | Spider:3 | Killed Louise
 36080 | Spider:4 | Received a gift from Okawaru
 36228 | Spider:4 | Reached skill level 19 in Invocations
 36394 | Spider:4 | Received a gift from Okawaru
 36860 | Spider:4 | Found a runed translucent gate.
 36860 | Spider:4 | Found a runed translucent gate.
 36861 | Spider:4 | Found a runed translucent gate.
 36865 | Spider:4 | Noticed OTABOTABOTAB's ghost (adept DECj)
 36975 | Spider:4 | Received a gift from Okawaru
 36975 | Spider:4 | Found the +8 lance "Wyrmbane" {slay drac, rPois rF+ rC+
                  | AC+3}
 37345 | Spider:4 | Got a gossamer rune of Zot
 37449 | Spider:4 | Killed OTABOTABOTAB's ghost
 37541 | Spider:4 | Received a gift from Okawaru
 37811 | D:9      | Acquired 981 gold pieces
 37870 | Shoals:1 | Entered Level 1 of the Shoals
 37949 | Shoals:1 | Noticed Nikola
 37977 | Shoals:1 | Killed Nikola
 38051 | Shoals:1 | Found a blossoming altar of Fedhas.
 38083 | Shoals:1 | Received a gift from Okawaru
 38193 | Shoals:1 | Gained mutation: You are surrounded by a moderate repulsion
                  | field. (EV +3) [demonic ancestry]
 38193 | Shoals:1 | Reached XP level 18. HP: 143/143 MP: 31/31
 38522 | Shoals:1 | You fall into a shaft and drop 1 floor!
 38683 | Shoals:1 | Identified the ring of the Changing Gods {rCorr Dex+4}
 39246 | Shoals:2 | HP: 5/144 [water nymph/the raging water (28)]
 39787 | Shoals:2 | Received a gift from Okawaru
 40276 | Shoals:2 | Reached skill level 20 in Invocations
 40499 | Shoals:3 | Got Qetrugh's Guide on Freezing Translocation
 40786 | Shoals:3 | Identified the +0 kite shield of the Equator {*Corrode
                  | rElec Str+2 Int+2} (Okawaru gifted it to you on level 3 of
                  | the Shoals)
 40786 | Shoals:3 | Received a gift from Okawaru
 41370 | Shoals:4 | Entered Level 4 of the Shoals
 41389 | Shoals:4 | Found Gophidua's Jewellery Shoppe.
 41397 | Shoals:4 | Bought a +4 ring of slaying for 1482 gold pieces
 41946 | Shoals:4 | Identified the +2 longbow of Valour {venom, rElec rF- rCorr
                  | SInv}
 42266 | Shoals:4 | Found Plog's Weapon Shop.
 42268 | Shoals:4 | Found Cifirch's Antique Weapon Shoppe.
 42268 | Shoals:4 | Found Quciqudi's Assorted Antiques.
 42350 | Shoals:4 | Bought a potion of invisibility for 192 gold pieces
 42447 | Shoals:4 | Found Plog's Armour Shoppe.
 42487 | Shoals:4 | Identified the +0 leather armour "Umaofonio" {rN++}
 42555 | Shoals:4 | Got the Collected Works on Attacks
 42691 | Shoals:4 | Got a barnacled rune of Zot
 43084 | Vaults:1 | Entered Level 1 of the Vaults
 43148 | Vaults:1 | Received a gift from Okawaru
 43309 | Vaults:1 | Found Ynlal's Weapon Emporium.
 43466 | Vaults:1 | Found a magical portal.
 43562 | WizLab   | Entered The Hall of the Hellbinder
 43619 | WizLab   | Gained mutation: You are surrounded by a strong repulsion
                  | field. (EV +4, RMsl) [demonic ancestry]
 43619 | WizLab   | Reached XP level 19. HP: 76/153 MP: 9/33
 43710 | WizLab   | Gained mutation: You sometimes lose the ability to read
                  | scrolls when taking damage. [a cacodemon]
 43768 | WizLab   | Identified the ring of Amikuog {Fire rCorr Int+4 Dex+2
                  | Stlth+}
 43863 | WizLab   | Found a burning altar of Makhleb.
 43897 | WizLab   | Noticed Zileid
 43903 | WizLab   | Gained mutation: You occasionally shout uncontrollably at
                  | your foes. [a cacodemon]
 43910 | WizLab   | Noticed a Brimstone Fiend
 43953 | Arena    | Entered the Arena
 43957 | Arena    | Killed Zileid the Hellbinder
 43957 | Arena    | Identified the +2 plate armour of Failure {rN+ Regen+
                  | Dex-3} (Okawaru gifted it to you in the Arena)
 43957 | Arena    | Received a gift from Okawaru
 44042 | WizLab   | Identified the ring of Kori {rF+ Int+2 Dex+7 Stlth+}
 44489 | Vaults:1 | Found Ytwepare's Assorted Antiques.
 44495 | Vaults:1 | Bought a pair of polished gloves for 342 gold pieces
 44495 | Vaults:1 | Identified the +0 pair of gloves of the Poles {Str+7} (You
                  | bought it in a shop on level 1 of the Vaults)
 44495 | Vaults:1 | Bought a condenser vane for 1440 gold pieces
 44518 | Vaults:1 | Found Enon's Assorted Antiques.
 44542 | Vaults:1 | Reached skill level 15 in Fighting
 44834 | Vaults:1 | Found Ocovil Oda's Jewellery Emporium.
 44981 | Vaults:1 | Reached skill level 21 in Invocations
 45321 | Vaults:1 | Found Rievudd's Antique Armour Boutique.
 45559 | Vaults:2 | Noticed Mara
 45583 | Vaults:2 | Killed Mara
 45661 | Vaults:2 | Identified the +0 ring mail "Heisatil" {rN+ Int+4}
 45878 | Vaults:2 | Found a staircase to the Crypt.
 45915 | Vaults:2 | Slain by an orc warlord

Illustrated notes

Levels and vault maps discovered:
D:1:      tarquinn_simple_flora_water_c, layout_basic,
          shapermc_ecumenical_altar_mp_ritualfount
D:2:      layout_basic, basic_altar, uniq_robin
D:3:      mumra_celtic_spiral_tile, layout_basic, ashenzari_altar_1,
          amcnicky_altar_gilded, minmay_misc_feat_square
D:4:      layout_rooms, nicolae_sif_muna_condensation,
          minmay_temple_entry_fiery, cheibrodos_sewer_entry_bend
D:5:      layout_gridville, corexii_shack
D:6:      layout_rooms, nicolae_tso_swordbearing_angel, uniq_prince_ribbit1
D:7:      layout_rooms, interstate_on_off
D:8:      layout_basic, minmay_unpleasant_kobolds
D:9:      layout_irregular_city, nicolae_overflow_crystal_walls,
          jmf_multi_god_temple2, due_lair_maze_entry_diamond, enter_bailey_3,
          serial_shops, nicolae_diamond_shop, hangedman_abyss_or_decor_clamps
D:10:     layout_cave_pools, nicolae_kikubaaqudgha_miasma_corner,
          makhleb_altar_promises_db, mrwooster_statue_mirror
D:11:     gammafunk_corrupted_shrine, layout_gridville, orc_0_dummy,
          gauntlet_entry_generic
D:12:     layout_loops_ring
D:13:     layout_loops_ring
D:14:     layout_loops_ring, skrybe_vaults_entry_preservation, uniq_frances,
          uniq_roxanne
D:15:     grunt_enter_depths_hoard, layout_long_grid,
          chequers_serial_rivers_room_b, minmay_misc_feat_rows,
          nicolae_uskayaw_murder_on_the_dancefloor
Temple:   dshaligram_water_room_temple
Lair:1:   layout_chaotic_city
Lair:2:   layout_regular_city, minmay_shoals_entry_centaurs,
          spider_nest_entry_funnel_web, st_stairs_9,
          hangedman_lair_generics_rect
Lair:3:   layout_loops_ring, serial_bayou_pond_d, fungi_pond_lemuel,
          serial_bayou_shore_a
Lair:4:   layout_loops_ring, serial_bayou_lagoon_b
Lair:5:   layout_loops_ring, st_stairs_13, small_statue_intersection,
          dreamdust_mushroom_princess, serial_bayou_lagoon_a, minmay_hedge_maze
Lair:6:   evil_forest, layout_big_grid, slime_altar_1, eino_house_with_fridge
Shoals:1: nicolae_shoals_island_circles, layout_shoals, lemuel_oklob_altar,
          uniq_nikola
Shoals:2: layout_shoals
Shoals:3: cheibrodos_shoals_epimethial_gifts, layout_shoals
Shoals:4: shoals_end_hangedman, layout_shoals, serial_shops, shop,
          nicolae_shop_hallway_plus, nicolae_shop_bloodbath_and_beyond,
          shop_fountains, shop
Spider:1: spiders_nest_a
Spider:2: layout_spider_delve
Spider:3: layout_spider_delve, hellmonk_narrow_tunnel, uniq_louise
Spider:4: grunt_spider_rune_circles, gammafunk_ghost_necromancy
Orc:1:    layout_caves, uniq_urug
Orc:2:    grunt_orc_tribal_feast, layout_diamond_mine,
          nicolae_shop_firing_range, uniq_saint_roka, uniq_maurice
Vaults:1: infiniplex_enter_wizlab_water, hangedman_vaults_nails,
          hangedman_vaults_nails, nicolae_vaults_asterisk,
          layout_vaults_omnigrid, serial_shops, shop, shop,
          nicolae_shop_temple_entry_statues_fountains, shop,
          nicolae_shop_advertising_works [nicolae_subvault_shop_adworks]
Vaults:2: ontoclasm_vaults_ring_square, vaults_dpeg_doors,
          ontoclasm_vaults_ligature, v_pattern_1,
          nicolae_vaults_ring_of_whatevers, vaults_dpeg_hooks, v_misc_8,
          nicolae_vaults_little_squares_2, hangedman_vaults_corner,
          grunt_vaults_hallway_long, v_misc_26,
          nicolae_vaults_mini_display_case, nicolae_vaults_theta,
          vaults_mumra_hex, vaults_room_corners, layout_vaults_omnicross,
          dummy_crypt_entry, uniq_mara

Skill      XL: |  1  2  3  4  5  6  7  8  9 10 11 12 13 14 15 16 17 18 19 |
---------------+----------------------------------------------------------+-----
Armour         | 3 4 5 6 7 9 10 11 12 13 14 | 14.1
Axes           | 2 |  2.5
Shields        | 3 4 5 6 7 8 9 10 11 | 11.6
Polearms       | 2 3 5 7 9 10 11 13 14 | 14.0
Dodging        | 1 2 3 4 5 6 7 8 |  8.4
Fighting       | 4 5 6 7 9 10 11 12 13 14 15 | 15.4
Stealth        | 1 2 3 |  3.9
Invocations    | 4 9 13 15 17 18 19 20 21 | 21.1
Evocations     | 1 4 6 8 9 10 11 12 13 | 13.3
Throwing       | 1 2 3 |  3.9

Action                   |  1- 3 |  4- 6 |  7- 9 | 10-12 | 13-15 | 16-18 | 19-21 || total
-------------------------+-------+-------+-------+-------+-------+-------+-------++-------
Melee: War axe           |    97 |    33 |       |       |       |       |       ||   130
       Spear             |       |   195 |   310 |  1014 |  1564 |   360 |       ||  3443
       Headbutt          |       |    18 |    61 |   291 |   508 |   538 |    89 ||  1505
       Demon trident     |       |       |       |       |    62 |  1014 |   249 ||  1325
       Bardiche          |       |       |       |       |       |   405 |       ||   405
       Lance             |       |       |       |       |       |   224 |    10 ||   234
Throw: Boomerang         |       |       |       |    17 |    17 |    23 |       ||    57
Invok: Heroism           |       |       |     1 |     8 |    12 |    21 |     5 ||    47
       Finesse           |       |       |       |     8 |    12 |    18 |     4 ||    42
       Duel              |       |       |       |       |       |       |     1 ||     1
Evoke: Wand              |       |       |       |       |     8 |     3 |     4 ||    15
       Tin of tremorston |       |       |       |       |     3 |     5 |     1 ||     9
       Lightning rod     |       |       |       |       |       |     1 |       ||     1
  Use: Scroll            |     4 |    10 |     1 |    13 |     8 |    12 |     2 ||    50
       Potion            |     1 |     1 |     2 |     2 |     3 |     7 |     5 ||    21
Armor: Scale mail        |    64 |    53 |    12 |       |       |       |       ||   129
       Chain mail        |       |       |    55 |   212 |   343 |   841 |    64 ||  1515
Dodge: Dodged            |    67 |   114 |   160 |   455 |   608 |  1716 |   129 ||  3249
       Repelled          |       |       |       |       |       |       |     3 ||     3
Block: Buckler           |    29 |    34 |    45 |   157 |   283 |   423 |    58 ||  1029
       Kite shield       |       |       |       |       |       |    40 |       ||    40

Table legend: (Time is in decaauts)
 A = Elapsed time spent in this place.
 B = Non-inter-level travel time spent in this place.
 C = Inter-level travel time spent in this place.
 D = Time resting spent in this place.
 E = Time spent auto-exploring this place.
 F = Levels seen in this place.
 G = Mean time per level.
                   A        B        C        D        E       F      G
               +--------+--------+--------+--------+--------+-----+--------+
         Total |  44613 |  41837 |   2776 |   6449 |  16233 |  38 | 1174.0 |
       Dungeon |  17276 |  16005 |   1271 |   1851 |   8467 |  15 | 1151.7 |
        Temple |     28 |     28 |      0 |      0 |      0 |   1 |   28.0 |
          Lair |   8167 |   7464 |    703 |   1103 |   3436 |   6 | 1361.2 |
        Shoals |   5038 |   4860 |    178 |    408 |   1255 |   4 | 1259.5 |
   Spider Nest |   6809 |   6264 |    545 |   1713 |   1665 |   4 | 1702.2 |
  Orcish Mines |   3299 |   3299 |      0 |    910 |    405 |   2 | 1649.5 |
        Vaults |   1946 |   1871 |     75 |    138 |    612 |   2 |  973.0 |
         Sewer |    801 |    801 |      0 |      0 |    320 |   1 |  801.0 |
        Bailey |    807 |    807 |      0 |    326 |     70 |   1 |  807.0 |
        Wizlab |    413 |    413 |      0 |      0 |      0 |   1 |  413.0 |
         Arena |     23 |     23 |      0 |      0 |      0 |   1 |   23.0 |
               +--------+--------+--------+--------+--------+-----+--------+

Top non-repeatable levels by time:
   Orc:2: 2342 daAuts
Spider:2: 2207 daAuts
  Lair:2: 2031 daAuts
    D:14: 1829 daAuts
    D:13: 1809 daAuts
Spider:3: 1699 daAuts
  Lair:5: 1632 daAuts
Shoals:1: 1592 daAuts
Vaults:1: 1526 daAuts
Spider:1: 1491 daAuts
     D:9: 1425 daAuts
Spider:4: 1410 daAuts
    D:12: 1378 daAuts
  Lair:6: 1357 daAuts
    D:15: 1321 daAuts
